[ PARTIDA AOE2 · #494071689 ]
UnrankedPersas vs Gurjaras
Equipo del jugador · DERR
Equipo rival · VICT
[ ANÁLISIS DE REPETICIÓN · EXTRAÍDO DE LA PARTIDA GRABADA ]
Feudal
9:37
Castillos
23:46
Imperial
—
| APM promedio | 102.3 |
| APM pico | 175 |
| eAPM promedio | 58.8 |
| Aldeanos / militares | 116 / 130 |
Foco
⚔️ 77.9% · 🌾 22.1%
Camel Scout ×54 · Scout Cavalry ×32 · Skirmisher ×10 · Knight ×8 · Archer ×6 · Monk ×5
Feudal
8:25
Castillos
19:43
Imperial
39:49
| APM promedio | 81.2 |
| APM pico | 101 |
| eAPM promedio | 39.3 |
| Aldeanos / militares | 217 / 99 |
Foco
⚔️ 38.8% · 🌾 61.2%
Camel Scout ×67 · Skirmisher ×20 · Monk ×4 · Archer ×3 · Scout Cavalry ×2 · Armored Elephant ×2
Mapa de la partida
Recursos iniciales + cada clic de construcción. Líneas = muros · curvas = relieve. ◆ oro · ⬟ piedra · ● bayas · ✦ reliquia · ◌ hueco del cierre
Tu base· Abierta — hueco de 4t
Base de Oni.Lewis· Abierta — hueco de 4t
Terreno inicial suavizado · ◌ = hueco del cierre detectado · pasá el cursor para detalles
Inputs por minuto
— DS_Overtaken - - Oni.Lewis
Build order — DS_Overtaken
Primeras 150 de 411 acciones detectadas
| 0:00 | Crear | Villager (Male) |
| 0:00 | Crear | Villager (Male) |
| 0:01 | Crear | Villager (Male) |
| 0:02 | Construir | House |
| 0:03 | Construir | House |
| 0:06 | Crear | Villager (Male) |
| 0:11 | Crear | Villager (Male) |
| 1:21 | Crear | Villager (Male) |
| 1:46 | Construir | Lumber Camp |
| 1:56 | Crear | Villager (Male) |
| 2:18 | Crear | Villager (Male) |
| 2:43 | Crear | Villager (Male) |
| 3:11 | Crear | Villager (Male) |
| 3:26 | Construir | House |
| 3:51 | Crear | Villager (Male) |
| 3:52 | Crear | Villager (Male) |
| 4:02 | Construir | Barracks |
| 4:43 | Construir | House |
| 4:47 | Crear | Villager (Male) |
| 4:49 | Construir | House |
| 4:55 | Crear | Militia |
| 5:03 | Crear | Villager (Male) |
| 5:12 | Crear | Militia |
| 5:32 | Crear | Villager (Male) |
| 5:57 | Crear | Villager (Male) |
| 6:08 | Construir | Mill |
| 6:17 | Crear | Villager (Male) |
| 6:40 | Crear | Villager (Male) |
| 6:57 | Crear | Villager (Male) |
| 7:01 | Investigar | Loom |
| 7:30 | Investigar | Feudal Age |
| 7:39 | Crear | Militia |
| 7:53 | Construir | Mining Camp |
| 7:55 | Construir | Mining Camp |
| 8:10 | Construir | House |
| 8:19 | Crear | Militia |
| 8:43 | Construir | Mill |
| 8:49 | Crear | Militia |
| 9:33 | Crear | Villager (Male) |
| 9:37 | Edad | Edad Feudal |
| 9:39 | Investigar | Man-at-Arms (upgrade) |
| 9:53 | Crear | Villager (Male) |
| 9:58 | Crear | Spearman |
| 10:03 | Construir | Archery Range |
| 10:07 | Construir | House |
| 10:17 | Crear | Villager (Male) |
| 10:35 | Construir | House |
| 10:35 | Construir | Palisade Wall |
| 10:41 | Crear | Villager (Male) |
| 10:43 | Construir | House |
| 10:56 | Construir | Farm |
| 10:59 | Crear | Villager (Male) |
| 11:02 | Construir | Farm |
| 11:06 | Crear | Spearman |
| 11:39 | Construir | House |
| 11:41 | Construir | Palisade Wall |
| 11:42 | Crear | Villager (Male) |
| 11:43 | Construir | Farm |
| 11:44 | Construir | Farm |
| 11:56 | Construir | Watch Tower |
| 11:57 | Crear | Archer |
| 12:06 | Construir | Farm |
| 12:08 | Crear | Villager (Male) |
| 12:18 | Construir | House |
| 12:20 | Construir | Palisade Wall |
| 12:26 | Crear | Skirmisher |
| 12:33 | Construir | Farm |
| 12:35 | Crear | Villager (Male) |
| 12:39 | Crear | Archer |
| 12:45 | Construir | Palisade Wall |
| 12:46 | Construir | Palisade Wall |
| 12:56 | Crear | Villager (Male) |
| 13:03 | Construir | Palisade Wall |
| 13:04 | Construir | Palisade Wall |
| 13:06 | Construir | Palisade Wall |
| 13:09 | Crear | Villager (Male) |
| 13:11 | Construir | Palisade Wall |
| 13:12 | Construir | Palisade Wall |
| 13:13 | Construir | House |
| 13:15 | Construir | Palisade Gate |
| 13:26 | Crear | Spearman |
| 13:33 | Construir | House |
| 13:37 | Crear | Skirmisher |
| 13:45 | Crear | Villager (Male) |
| 13:47 | Construir | Palisade Wall |
| 13:48 | Construir | Palisade Wall |
| 13:53 | Construir | Farm |
| 13:56 | Crear | Skirmisher |
| 14:01 | Construir | Blacksmith |
| 14:09 | Crear | Villager (Male) |
| 14:25 | Crear | Villager (Male) |
| 14:27 | Construir | Farm |
| 14:39 | Construir | Palisade Wall |
| 14:42 | Crear | Villager (Male) |
| 14:52 | Construir | Farm |
| 14:53 | Construir | Farm |
| 14:53 | Crear | Villager (Male) |
| 15:02 | Construir | Farm |
| 15:14 | Construir | House |
| 15:18 | Crear | Archer |
| 15:19 | Crear | Villager (Male) |
| 15:32 | Investigar | Fletching |
| 15:32 | Investigar | Fletching |
| 15:38 | Construir | Lumber Camp |
| 15:43 | Construir | House |
| 15:55 | Crear | Villager (Male) |
| 15:56 | Crear | Skirmisher |
| 16:07 | Crear | Villager (Male) |
| 16:16 | Crear | Skirmisher |
| 16:23 | Construir | House |
| 16:25 | Crear | Villager (Male) |
| 16:30 | Crear | Villager (Male) |
| 16:33 | Construir | Mining Camp |
| 16:38 | Crear | Villager (Male) |
| 16:42 | Crear | Villager (Male) |
| 16:47 | Construir | Farm |
| 16:58 | Crear | Archer |
| 17:04 | Construir | House |
| 17:13 | Crear | Villager (Male) |
| 17:15 | Crear | Villager (Male) |
| 17:27 | Crear | Villager (Male) |
| 17:32 | Construir | Farm |
| 17:32 | Crear | Villager (Male) |
| 17:38 | Construir | Outpost |
| 17:41 | Investigar | Padded Archer Armor |
| 17:42 | Crear | Skirmisher |
| 17:45 | Crear | Villager (Male) |
| 17:49 | Crear | Archer |
| 18:00 | Crear | Villager (Male) |
| 18:02 | Crear | Villager (Male) |
| 18:08 | Construir | Watch Tower |
| 18:11 | Crear | Villager (Male) |
| 18:13 | Crear | Skirmisher |
| 18:23 | Construir | Farm |
| 18:24 | Crear | Villager (Male) |
| 18:39 | Crear | Villager (Male) |
| 18:58 | Construir | Farm |
| 19:09 | Crear | Villager (Male) |
| 19:22 | Crear | Villager (Male) |
| 19:29 | Crear | Archer |
| 19:37 | Construir | Watch Tower |
| 19:44 | Crear | Villager (Male) |
| 19:51 | Crear | Villager (Male) |
| 19:51 | Construir | Farm |
| 19:52 | Construir | Farm |
| 20:02 | Crear | Villager (Male) |
| 20:14 | Construir | Farm |
| 20:15 | Construir | Farm |
| 20:40 | Crear | Skirmisher |
| 20:53 | Crear | Villager (Male) |
Build order — Oni.Lewis
Primeras 150 de 510 acciones detectadas
| 0:00 | Crear | Villager (Male) |
| 0:00 | Crear | Villager (Male) |
| 0:01 | Construir | House |
| 0:02 | Construir | House |
| 0:08 | Crear | Villager (Male) |
| 0:21 | Crear | Villager (Male) |
| 0:52 | Construir | Mill |
| 1:33 | Crear | Villager (Male) |
| 1:59 | Crear | Villager (Male) |
| 2:17 | Crear | Villager (Male) |
| 2:55 | Crear | Villager (Male) |
| 3:12 | Crear | Villager (Male) |
| 3:23 | Construir | House |
| 3:39 | Crear | Villager (Male) |
| 3:46 | Crear | Villager (Male) |
| 3:56 | Construir | Lumber Camp |
| 4:07 | Crear | Villager (Male) |
| 4:14 | Crear | Villager (Male) |
| 4:32 | Crear | Villager (Male) |
| 5:48 | Investigar | Loom |
| 6:13 | Investigar | Feudal Age |
| 7:03 | Crear | Villager (Male) |
| 7:13 | Crear | Villager (Male) |
| 7:16 | Construir | Barracks |
| 7:25 | Crear | Villager (Male) |
| 7:48 | Construir | House |
| 7:51 | Crear | Villager (Male) |
| 8:25 | Crear | Villager (Male) |
| 8:25 | Edad | Edad Feudal |
| 8:27 | Construir | Stable |
| 8:34 | Crear | Villager (Male) |
| 8:40 | Investigar | Double-Bit Axe |
| 8:40 | Crear | Villager (Male) |
| 8:46 | Crear | Villager (Male) |
| 8:50 | Crear | Villager (Male) |
| 8:57 | Crear | Villager (Male) |
| 9:13 | Construir | House |
| 9:16 | Crear | Scout Cavalry |
| 9:25 | Crear | Villager (Male) |
| 9:27 | Construir | Farm |
| 9:28 | Construir | Farm |
| 9:36 | Construir | Farm |
| 10:02 | Crear | Villager (Male) |
| 10:04 | Construir | House |
| 10:07 | Construir | Farm |
| 10:11 | Construir | House |
| 10:11 | Construir | Palisade Wall |
| 10:24 | Construir | Palisade Wall |
| 10:25 | Crear | Villager (Male) |
| 10:28 | Construir | Palisade Wall |
| 10:28 | Construir | Palisade Wall |
| 10:29 | Construir | Palisade Wall |
| 10:32 | Crear | Villager (Male) |
| 10:40 | Crear | Villager (Male) |
| 10:56 | Crear | Villager (Male) |
| 10:58 | Construir | House |
| 11:03 | Construir | Archery Range |
| 11:16 | Crear | Scout Cavalry |
| 11:27 | Crear | Villager (Male) |
| 11:30 | Construir | Farm |
| 11:42 | Construir | Mining Camp |
| 11:46 | Construir | Palisade Wall |
| 11:54 | Crear | Villager (Male) |
| 11:58 | Construir | Palisade Wall |
| 12:03 | Crear | Archer |
| 12:05 | Construir | Farm |
| 12:06 | Crear | Villager (Male) |
| 12:08 | Construir | Palisade Wall |
| 12:20 | Crear | Villager (Male) |
| 12:26 | Construir | Farm |
| 12:32 | Crear | Villager (Male) |
| 12:33 | Crear | Villager (Male) |
| 12:34 | Construir | Farm |
| 12:43 | Crear | Villager (Male) |
| 12:49 | Construir | Palisade Wall |
| 12:57 | Crear | Villager (Male) |
| 13:04 | Construir | Farm |
| 13:06 | Crear | Villager (Male) |
| 13:12 | Construir | Farm |
| 13:23 | Crear | Villager (Male) |
| 13:25 | Construir | Farm |
| 13:29 | Crear | Archer |
| 13:37 | Crear | Villager (Male) |
| 13:41 | Construir | House |
| 13:44 | Crear | Villager (Male) |
| 14:00 | Construir | Farm |
| 14:02 | Crear | Archer |
| 14:05 | Crear | Villager (Male) |
| 14:06 | Construir | House |
| 14:18 | Crear | Villager (Male) |
| 14:34 | Crear | Skirmisher |
| 14:37 | Crear | Villager (Male) |
| 14:39 | Construir | Farm |
| 14:52 | Crear | Villager (Male) |
| 14:54 | Construir | Farm |
| 15:18 | Crear | Villager (Male) |
| 15:23 | Crear | Villager (Male) |
| 15:24 | Construir | Farm |
| 15:25 | Construir | Farm |
| 15:34 | Investigar | Horse Collar |
| 15:35 | Crear | Villager (Male) |
| 15:47 | Crear | Skirmisher |
| 15:50 | Crear | Villager (Male) |
| 16:10 | Crear | Skirmisher |
| 16:17 | Construir | Blacksmith |
| 16:19 | Construir | Blacksmith |
| 16:27 | Construir | House |
| 16:38 | Crear | Skirmisher |
| 17:03 | Investigar | Castle Age |
| 17:15 | Crear | Skirmisher |
| 17:18 | Crear | Skirmisher |
| 17:33 | Crear | Skirmisher |
| 17:36 | Investigar | Fletching |
| 17:49 | Crear | Skirmisher |
| 17:52 | Crear | Skirmisher |
| 17:54 | Crear | Skirmisher |
| 18:01 | Crear | Skirmisher |
| 18:07 | Construir | Farm |
| 18:16 | Crear | Skirmisher |
| 18:20 | Crear | Villager (Male) |
| 18:25 | Investigar | Padded Archer Armor |
| 18:30 | Crear | Skirmisher |
| 18:36 | Crear | Skirmisher |
| 18:44 | Crear | Skirmisher |
| 18:53 | Construir | Farm |
| 18:55 | Crear | Villager (Male) |
| 18:56 | Construir | Farm |
| 19:12 | Crear | Skirmisher |
| 19:22 | Crear | Skirmisher |
| 19:24 | Crear | Villager (Male) |
| 19:43 | Edad | Edad de los Castillos |
| 19:44 | Crear | Villager (Male) |
| 19:45 | Construir | Siege Workshop |
| 19:46 | Crear | Villager (Male) |
| 19:47 | Construir | House |
| 19:47 | Construir | House |
| 19:50 | Investigar | Bodkin Arrow |
| 20:04 | Construir | House |
| 20:09 | Crear | Villager (Male) |
| 20:13 | Investigar | Elite Skirmisher (upgrade) |
| 20:15 | Crear | Villager (Male) |
| 20:16 | Construir | House |
| 20:23 | Crear | Villager (Male) |
| 20:30 | Crear | Mangonel |
| 20:55 | Crear | Villager (Male) |
| 20:55 | Construir | Farm |
| 21:24 | Crear | Villager (Male) |
| 21:30 | Crear | Armored Elephant |
| 21:35 | Crear | Villager (Male) |
| 21:41 | Crear | Villager (Male) |
Cronología de la partida
| 4:02 | DS_Overtaken · first_building Barracks |
| 7:16 | Oni.Lewis · first_building Barracks |
| 8:25 | Oni.Lewis · age_up feudal |
| 8:27 | Oni.Lewis · first_building Stable |
| 9:37 | DS_Overtaken · age_up feudal |
| 10:03 | DS_Overtaken · first_building Archery Range |
| 10:11 | Oni.Lewis · wall_segment Palisade Wall x1 |
| 10:24 | Oni.Lewis · wall_segment Palisade Wall x5 |
| 10:28 | Oni.Lewis · wall_segment Palisade Wall x1 |
| 10:28 | Oni.Lewis · wall_segment Palisade Wall x1 |
| 10:29 | Oni.Lewis · wall_segment Palisade Wall x3 |
| 10:35 | DS_Overtaken · wall_segment Palisade Wall x1 |
| 11:03 | Oni.Lewis · first_building Archery Range |
| 11:41 | DS_Overtaken · wall_segment Palisade Wall x2 |
| 11:46 | Oni.Lewis · wall_segment Palisade Wall x1 |
| 11:58 | Oni.Lewis · wall_segment Palisade Wall x1 |
| 12:08 | Oni.Lewis · wall_segment Palisade Wall x4 |
| 12:20 | DS_Overtaken · wall_segment Palisade Wall x5 |
| 12:45 | DS_Overtaken · wall_segment Palisade Wall x1 |
| 12:46 | DS_Overtaken · wall_segment Palisade Wall x1 |
| 12:49 | Oni.Lewis · wall_segment Palisade Wall x1 |
| 13:03 | DS_Overtaken · wall_segment Palisade Wall x1 |
| 13:04 | DS_Overtaken · wall_segment Palisade Wall x1 |
| 13:06 | DS_Overtaken · wall_segment Palisade Wall x1 |
| 13:11 | DS_Overtaken · wall_segment Palisade Wall x1 |
| 13:12 | DS_Overtaken · wall_segment Palisade Wall x1 |
| 13:47 | DS_Overtaken · wall_segment Palisade Wall x1 |
| 13:48 | DS_Overtaken · wall_segment Palisade Wall x2 |
| 14:39 | DS_Overtaken · wall_segment Palisade Wall x1 |
| 19:43 | Oni.Lewis · age_up castle |
| 19:45 | Oni.Lewis · first_building Siege Workshop |
| 22:29 | DS_Overtaken · first_building Stable |
| 22:47 | Oni.Lewis · first_building Monastery |
| 23:18 | Oni.Lewis · wall_segment Palisade Wall x1 |
| 23:46 | DS_Overtaken · age_up castle |
| 23:54 | DS_Overtaken · first_building Siege Workshop |
| 30:13 | Oni.Lewis · first_market_sell 500 wood |
| 30:34 | DS_Overtaken · first_building Monastery |
| 32:58 | Oni.Lewis · first_market_buy 100 wood |
| 39:49 | Oni.Lewis · age_up imperial |
| 40:18 | DS_Overtaken · first_building Castle |
| 40:29 | DS_Overtaken · wall_segment Palisade Wall x1 |
| 40:30 | DS_Overtaken · wall_segment Palisade Wall x1 |
| 40:33 | DS_Overtaken · wall_segment Palisade Wall x1 |
| 40:35 | DS_Overtaken · wall_segment Palisade Wall x1 |
| 41:00 | DS_Overtaken · wall_segment Palisade Wall x1 |
| 41:22 | DS_Overtaken · resign |
[ ANÁLISIS IA · 1 CRÉDITO ]
¿Qué pasó realmente en esta partida?
Wolo.gg analiza cada decisión: build order, eco, micro, errores típicos por bracket. Análisis personalizado por WhatsApp o Discord en 30 segundos.
Guía civ
Persas
Perfil
Overtaken